 Dungeon Crawl Stone Soup version 0.23-a0-325-gb46b2e5 (webtiles) character file.

50 BingusPrime the Sneak (level 3, 0/28 HPs)
             Began as a Tengu Entomologist on Oct 27, 2018.
             Slain by a gnoll
             ... wielding a +0 mace
              (3 damage)
             ... on level 2 of the Dungeon.
             The game lasted 00:03:00 (1075 turns).

BingusPrime the Sneak (Tengu Entomologist)          Turns: 1075, Time: 00:03:01

Health: 0/28       AC: 21    Str: 10    XL:     3   Next: 79%
Magic:  5/5        EV:  2    Int: 12    God:
Gold:   63         SH:  0    Dex: 16    Spells: 3/4 levels left

rFire    . . .     SeeInvis .   a - +0 dagger
rCold    . . .     Gourm    .   (no shield)
rNeg     + + +     Faith    .   (armour currently unavailable)
rPois    +         Spirit   .   (helmet currently unavailable)
rElec    .         Reflect  .   (cloak currently unavailable)
rCorr    .         Harm     .   (gloves currently unavailable)
MR       .....     NoTele   +   (boots unavailable)
Stlth    +++.......             (no amulet)
HPRegen  0.09/turn              (no ring)
MPRegen  0.09/turn              (no ring)

@: tree-form
A: no striking features
a: no special abilities


You were on level 2 of the Dungeon.
You were not hungry.
You were a tree.
You visited 1 branch of the dungeon, and saw 2 of its levels.

You collected 63 gold pieces.

Inventory:

Hand Weapons
 a - a +0 dagger (weapon)
Armour
 d - a +0 robe (melded)
Comestibles
 f - a ration


   Skills:
 + Level 0.1 Fighting
 + Level 1.9 Short Blades
 + Level 4.1 Dodging
 + Level 4.6 Stealth
 + Level 1.0 Spellcasting
   Level 1.0 Evocations


You had 3 spell levels left.
You knew the following spells:

 Your Spells              Type           Power        Failure   Level  Hunger
a - Summon Butterflies    Summ           #.......     30%         1    ##.....
Your spell library was empty.

Dungeon Overview and Level Annotations

Branches:
Dungeon (2/15)

Altars:
Ashenzari


Innate Abilities, Weirdness & Mutations

((You have a beak for a mouth.))
((You have claws for feet.))


Message History

The gnoll hits you but does no damage.
The hobgoblin hits you but does no damage.
You hit the hobgoblin.
The hobgoblin is severely wounded.
The gnoll hits you with a mace.
The hobgoblin hits you but does no damage.
You hit the hobgoblin.
You kill the hobgoblin!
The gnoll hits you with a mace.
* * * LOW HITPOINT WARNING * * *
The gnoll hits you with a flail.
* * * LOW HITPOINT WARNING * * *
You hit the gnoll but do no damage. The gnoll hits you but does no damage.
The gnoll barely misses you. The gnoll hits you but does no damage.
You closely miss the gnoll. The gnoll hits you but does no damage.
The kobold hits you but does no damage.
You hit the gnoll.
The gnoll is lightly wounded.
The gnoll hits you with a mace.
You die...

#########..#### #..#..
.............. .g..(.
#..........### #....
#............# #.g< #
.##..........#.#.#..###.#
...........<.....#......#
#............###.#.##.#####
##K#..........ggg...#.#...
###.##...K♣g.........#
#......#####.#..#..#
.....#######.......#
....................#.#
.################....#.# #.
######.†..#.###
#...###........# #...#
#..#...#.# ###...###.>....#


You could see 4 gnolls and a kobold.

Vanquished Creatures
  A bullfrog skeleton (D:2)
  2 dart slugs (D:1)
  3 bats
  A giant cockroach (D:1)
  A goblin (D:1)
  5 hobgoblins
  A ball python (D:2)
  A ball python zombie (D:1)
  2 kobolds
  A leopard gecko zombie (D:1)
  2 rats
20 creatures vanquished.

Vanquished Creatures (collateral kills)
  A goblin (D:1)
1 creature vanquished.

Grand Total: 21 creatures vanquished

Notes
Turn   | Place    | Note
-------+----------+-------------------------------------------
     0 | D:1      | BingusPrime the Tengu Entomologist began the quest for the
                  | Orb.
     0 | D:1      | Reached XP level 1. HP: 10/10 MP: 3/3
   203 | D:1      | Found a shattered altar of Ashenzari.
   364 | D:1      | Reached XP level 2. HP: 15/15 MP: 4/4
   944 | D:2      | Reached XP level 3. HP: 6/19 MP: 5/5
  1075 | D:2      | Slain by a gnoll

Vault maps used:
D:1:      saegor_arrival_fortress, nicolae_ashenzari_panopticon
D:2:      minmay_misc_feat_nine_boxes

Skill      XL: |  1  2 |
---------------+-------+-----
Dodging        | 4 |  4.1
Fighting       | |  0.1
Short Blades   | |  1.9
Stealth        | |  4.6
Spellcasting   | |  1.0
Evocations     | |  1.0

Action                   || total
-------------------------++-------
Melee: Dagger            ||    55
       Kick              ||    11
       Peck              ||     8
Throw: Throwing net      ||     1
Evoke: Sack of spiders   ||     1
  Use: Scroll            ||     2
       Potion            ||     1
 Stab: Sleeping          ||     5
       Distracted        ||     1
Armor: Robe              ||     6
       Skin              ||     7
Dodge: Dodged            ||    43

Table legend:
 A = Non-vault XP
 B = Vault XP
 C = Vault XP percentage of total XP
 D = Non-vault monster count
 E = Vault monster count
 F = Vault count percentage of total count
                 A         B        C        D         E       F
            +---------+---------+-------+---------+---------+-------
      Total |      70 |       2 |   2.8 |      19 |       2 |   9.5
            +---------+---------+-------+---------+---------+-------
        D:1 |      21 |       2 |   8.7 |      12 |       2 |  14.3
        D:2 |      49 |       0 |   0.0 |       7 |       0 |   0.0
            +---------+---------+-------+---------+---------+-------
